 Dungeon Crawl Stone Soup version 0.32-a0-918-g0f22ef8d61 (webtiles) character file.

Game seed: 18249094536018632820

780 superbruh the Chopper (level 7, -4/62 HPs)
             Began as a Mountain Dwarf Monk on Apr 11, 2024.
             Was an Elder of Zin.
             Shot with an arrow by a centaur (8 damage)
             ... on level 5 of the Dungeon.
             The game lasted 00:10:27 (4110 turns).

superbruh the Chopper (Mountain Dwarf Monk)         Turns: 4110, Time: 00:10:28

Health: -4/62      AC:  7    Str: 17    XL:     7   Next: 55%
Magic:  10/10      EV: 10    Int: 13    God:    Zin [****..]
Gold:   107        SH:  0    Dex: 14    Spells: 6/6 levels left

rFire   . . .        v - +0 morningstar
rCold   . . .        d - orb {light}
rNeg    . . .        g - +0 ring mail
rPois   ∞            (no helmet)
rElec   .            (no cloak)
rCorr   .            m - +0 pair of gloves
SInv    .            (no boots)
Will    .....        (no amulet)
Stlth   +            (no ring)
HPRegen 0.30/turn    (no ring)
MPRegen 0.12/turn

%: no passive effects
@: vitalised, glowing
A: runic magic, artefact enchanting
a: Renounce Religion, Recite, Vitalisation, Imprison, Donate Gold


You were on level 5 of the Dungeon.
You worshipped Zin.
Zin was greatly pleased with you.
You visited 1 branch of the dungeon, and saw 5 of its levels.

You collected 184 gold pieces.
You donated 77 gold pieces to Zin.

Inventory:

Hand Weapons
 a - a +0 hand axe
 v - a +0 morningstar (weapon)
 w - a +2 mace of holy wrath
 y - a +0 war axe
Missiles
 c - a throwing net (quivered)
Armour
 b - a +0 robe
 d - an orb of light (worn)
 g - a +0 ring mail (worn)
 m - a +0 pair of gloves (worn)
Wands
 o - a wand of charming (14)
 z - a wand of roots (4)
Scrolls
 e - 7 scrolls of teleportation
 h - a scroll of identify
 i - 2 scrolls of amnesia {unknown}
 j - a scroll of blinking {unknown}
 k - a scroll of vulnerability {unknown}
 l - 2 scrolls of fear {unknown}
 p - 2 scrolls of enchant weapon {unknown}
 q - a scroll of poison {unknown}
 r - a scroll of fog {unknown}
Potions
 f - a potion of invisibility {unknown}
 s - 2 potions of haste
 t - a potion of curing {unknown}
 u - a potion of resistance {unknown}
 x - a potion of might {unknown}


   Skills:
 + Level 5.7 Fighting
 + Level 6.2 Axes
 + Level 4.2 Armour
 - Level 2.3 Dodging
 + Level 4.9 Invocations


You had 6 spell levels left.
You didn't know any spells.
Your spell library contained the following spells:

 Spells                   Type           Power      Damage    Failure   Level
 Scorch                   Fire           0%         2d5       47%         2
 Dazzling Flash           Conj/Hex       0%         N/A       71%         3
 Fugue of the Fallen      Necr           0%         N/A       71%         3
 Mephitic Cloud           Conj/Alch/Air  0%         N/A       71%         3
 Ozocubu's Armour         Ice            0%         N/A       71%         3
 Teleport Other           Tloc           0%         N/A       71%         3
 Anguish                  Hex/Necr       0%         N/A       98%         4
 Cause Fear               Hex            0%         N/A       98%         4
 Flame Wave               Conj/Fire      0%         2d4       98%         4
 Curse of Agony           Necr           0%         N/A       100%        5
 Silence                  Hex/Air        0%         N/A       100%        5
 Dispersal                Tloc           0%         N/A       100%        6
 Gell's Gavotte           Tloc           0%         2d(11-16) 100%        6
 Summon Cactus Giant      Summ           0%         N/A       100%        6
 Enfeeble                 Hex            0%         N/A       100%        7
 Manifold Assault         Tloc           0%         N/A       100%        7


Dungeon Overview and Level Annotations

Branches:
Dungeon (5/15)             Temple (0/1) D:5

Altars:
Zin


Innate Abilities, Weirdness & Mutations

Your spellcasting is much less encumbered by armour.
You can use scrolls of enchantment on lesser artefacts.


Message History

The centaur is heavily wounded.
The centaur barely misses you.
The centaur kicks you but does no damage.
The centaur hits you.
* * * LOW HITPOINT WARNING * * *
The centaur misses you.
The centaur wields a +0 shortbow.
The centaur shoots an arrow.
The arrow closely misses you.
The centaur shoots an arrow.
The arrow hits you.
* * * LOW HITPOINT WARNING * * *
Unknown command.
It was a potion of heal wounds.
You feel much better.
The centaur shoots an arrow.
The arrow hits you!
Unknown command.
The centaur unwields a +0 shortbow.
The centaur hits you. The centaur barely misses you.
You hit the centaur.
The centaur is heavily wounded.
The centaur hits you. The centaur closely misses you. The centaur hits you.
* * * LOW HITPOINT WARNING * * *
The centaur kicks you but does no damage.
You puncture the centaur!
You kill the centaur!
You hit the orc but do no damage. The orc misses you.
The howler monkey hoots and howls with incredible vigour!
You hear an angry hiss.
You hit the orc.
The orc is moderately wounded.
The orc hits you but does no damage. The orc barely misses you.
You puncture the orc!
You kill the orc!
You puncture the howler monkey!
The howler monkey is severely wounded.
The howler monkey hits you but does no damage. x2
You puncture the howler monkey!
You kill the howler monkey!
The centaur shoots an arrow.
The arrow hits you!
* * * LOW HITPOINT WARNING * * *
The centaur shoots an arrow.
The arrow hits you!
You die...

#.###..>..###..#
#...#.....#....#
#............#.#
#.#...###...##.#
#.##...#...##..#####..#
#.#....#..............#
#.#.##...##.#########.#
#....##.###.# #..#..#@#
#.# #.###.#)# #.###
#..#..#c###...#######
.......o.............
##......###...#######..#
..............# #...
........####..#
.#......# #..# #.
#......# #..# #.#


You could see a centaur and an orc.

Vanquished Creatures
  A centaur (D:5)
  A phantom (D:5)
  A scorpion (D:4)
  A howler monkey (D:5)
  2 bombardier beetles
  4 hounds
  A sleepcap (D:5)
  An iguana (D:5)
  4 orc wizards
  A gnoll (D:3)
  6 adders
  2 ufetubi (D:5)
  6 ribbon worms
  3 dart slugs
  24 orcs
  12 ball pythons
  7 bats
  10 endoplasms
  2 giant cockroaches
  9 goblins
  3 hobgoblins
  9 jackals
  5 kobolds
  5 quokkas
  4 frilled lizards
  4 rats
128 creatures vanquished.

Notes
Turn   | Place    | Note
-------+----------+-------------------------------------------
     0 | D:1      | superbruh the Mountain Dwarf Monk began the quest for the
                  | Orb.
     0 | D:1      | Reached XP level 1. HP: 19/19 MP: 1/1
   283 | D:1      | Reached XP level 2. HP: 19/26 MP: 2/2
   293 | D:1      | Reached skill level 4 in Axes
   453 | D:1      | Found a faded altar of an unknown god.
   567 | D:1      | Prayed at the altar of an unknown god.
   567 | D:1      | Became a worshipper of Zin the Law-Giver
   567 | D:1      | Reached * piety under Zin
   567 | D:1      | Reached ** piety under Zin
   932 | D:2      | Reached XP level 3. HP: 32/33 MP: 3/3
   965 | D:2      | Reached skill level 1 in Invocations
   981 | D:2      | Reached *** piety under Zin
   998 | D:2      | Reached skill level 1 in Armour
  1423 | D:2      | Reached XP level 4. HP: 29/40 MP: 5/5
  1883 | D:3      | Reached **** piety under Zin
  2183 | D:3      | Donated 59 gold pieces to Zin
  2248 | D:3      | Reached XP level 5. HP: 18/47 MP: 6/6
  2486 | D:3      | Reached skill level 5 in Axes
  2841 | D:4      | Reached XP level 6. HP: 30/53 MP: 8/8
  3094 | D:4      | Reached skill level 5 in Fighting
  3593 | D:5      | Entered Level 5 of the Dungeon
  3618 | D:5      | Reached XP level 7. HP: 39/61 MP: 10/10
  3825 | D:5      | Reached skill level 6 in Axes
  4023 | D:5      | Found a staircase to the Ecumenical Temple.
  4110 | D:5      | Shot with an arrow by a centaur

Illustrated notes

Levels and vault maps discovered:
D:1:      moated_graveyard_arrival, layout_basic, basic_ecumenical_altar
D:2:      layout_loops_cross, minmay_quantized
D:3:      layout_loops_ring, cheibrodos_gnoll_hut
D:4:      layout_rooms
D:5:      layout_loops_ring, minmay_temple_entry_tees,
          chequers_serial_rivers_micro_b

Skill      XL: |  1  2  3  4  5  6  7 |
---------------+----------------------+-----
Axes           | 4 5 6 |  6.2
Invocations    | 1 2 3 4 |  4.9
Armour         | 1 2 3 4 |  4.2
Fighting       | 4 5 |  5.7
Dodging        | |  2.3

Action                     |  1- 3 |  4- 6 |  7- 9 || total
---------------------------+-------+-------+-------++-------
  Melee: Hand axe          |   117 |   265 |       ||   382
         Morningstar       |       |     8 |    53 ||    61
 Invoke: Donate Gold       |       |     1 |       ||     1
         Vitalisation      |       |       |     1 ||     1
    Use: Scroll            |       |     1 |     1 ||     2
         Potion            |       |     1 |     1 ||     2
 Armour: Robe              |    14 |       |       ||    14
         Ring mail         |    56 |   189 |    61 ||   306
  Dodge: Dodged            |    59 |   164 |    45 ||   268

Table legend: (Time is in decaauts)
 A = Elapsed time spent in this place.
 B = Non-inter-level travel time spent in this place.
 C = Inter-level travel time spent in this place.
 D = Time resting spent in this place.
 E = Time spent auto-exploring this place.
 F = Levels seen in this place.
 G = Mean time per level.
                   A        B        C        D        E       F      G
               +--------+--------+--------+--------+--------+-----+--------+
         Total |   4152 |   4015 |    137 |    100 |   3004 |   5 |  830.4 |
       Dungeon |   4152 |   4015 |    137 |    100 |   3004 |   5 |  830.4 |
               +--------+--------+--------+--------+--------+-----+--------+

Top non-repeatable levels by time:
     D:3: 967 daAuts
     D:2: 951 daAuts
     D:1: 896 daAuts
     D:4: 802 daAuts
     D:5: 534 daAuts
